 Dungeon Crawl Stone Soup version 0.21-a0-140-g479285b (webtiles) character file.

95 grindst0ne the Ruffian (level 4, 0/40 HPs)
             Began as a Ghoul Gladiator on July 20, 2017.
             Killed from afar by an orc wizard (3 damage)
             ... with a puff of frost
             ... on level 3 of the Dungeon.
             The game lasted 00:02:33 (1640 turns).

grindst0ne the Ruffian (Ghoul Gladiator)            Turns: 1640, Time: 00:02:34

Health: 0/40       AC:  9    Str: 18    XL:     4   Next: 65%
Magic:  3/3        EV:  7    Int:  3    God:
Gold:   139        SH:  0    Dex: 10    Spells: 3/3 levels left

rFire    . . .     SeeInvis .     - Unarmed
rCold    + . .     Gourm    .   (no shield)
rNeg     + + +     Faith    .   r - +0 chain mail
rPois    ∞         Spirit   .   b - +0 helmet
rElec    .         Reflect  .   (no cloak)
rCorr    .         Harm     .   (no gloves)
MR       .....                  (no boots)
Stlth    ..........             (no amulet)
HPRegen  0.00/turn              (no ring)
MPRegen  0.08/turn              (no ring)

@: rotting
A: rotting body, claws 1, carnivore 3, cold resistance 1, negative energy
resistance 3, inhibited regeneration, torment resistance, unbreathing
a: no special abilities


You were on level 3 of the Dungeon.
You were not hungry.

You visited 1 branch of the dungeon, and saw 3 of its levels.

You collected 139 gold pieces.

Inventory:

Missiles
 c - 3 throwing nets (quivered)
Armour
 a - a +0 leather armour
 b - a +0 helmet (worn)
 r - a +0 chain mail (worn)
Scrolls
 h - 3 scrolls of enchant weapon {unknown}
 i - 2 scrolls of recharging {unknown}
 l - a scroll of fear {unknown}
 p - a scroll of remove curse {unknown}
Potions
 e - 3 potions of curing {unknown}
 f - 2 potions of berserk rage {unknown}
 g - a potion of brilliance {unknown}
 j - a potion of heal wounds {unknown}
 n - a potion of might {unknown}
 o - a potion of lignification {unknown}
 q - a potion of magic {unknown}
Comestibles
 d - a meat ration
 k - 7 chunks of flesh
 m - 2 royal jellies


   Skills:
 + Level 3.9 Fighting
 - Level 1.7 Throwing
 - Level 2.6 Dodging
 + Level 4.7 Unarmed Combat


You had 3 spell levels left.
You didn't know any spells.

Dungeon Overview and Level Annotations

Branches:
Dungeon (3/15)

Altars:
Beogh


Innate Abilities, Weirdness & Mutations

Your body is rotting away.
You thrive on raw meat.
You are immune to poison.
You have sharp fingernails.
You are carnivorous and can eat meat at any time.
Your flesh is cold resistant. (rC+)
You are immune to negative energy. (rN+++)
You do not regenerate when monsters are visible.
You are immune to unholy pain and torment.
You can survive without breathing.


Message History

The puff of frost hits you! You resist. Something hits you.
The orc priest miscasts a cantrip.
You miss something. Something hits you but does no damage.
You closely miss something. Something hits you but does no damage.
You hear some strange, mumbled words.
A puff of flame appears from out of thin air!
The puff of flame hits you!
You closely miss something. Something hits you but does no damage.
Your chain mail prevents you from hitting something.
You hear some strange, mumbled words.
A magic dart appears from out of thin air!
The magic dart hits you!
You miss something. Something hits you but does no damage.
The orc priest calls down the wrath of Beogh upon you.
Beogh smites you!
* * * LOW HITPOINT WARNING * * *
You hear some strange, mumbled words.
A puff of frost appears from out of thin air!
The puff of frost hits you! You resist.
You die...

#..#.....#........#
#........#o.......#
#.................#
#.................#
#........#........#
#....###..........#
#....# ###.#+#.####
#...#.#####{#.#.#
#####..$@{oo#.#.#
#########.#.#
########÷#.#
##..........###.
#...............#
#..........####.#
#..........#
#..........#
#...)......#


You could see an orc priest and an orc.

Vanquished Creatures
  An orc wizard (D:3)
  An adder (D:1)
  An ooze (D:1)
  2 worms
  3 dart slugs
  4 leopard geckos
  4 orcs (D:3)
  6 hobgoblins
  A jackal (D:3)
  2 bats
  A frilled lizard (D:1)
  6 goblins
  A kobold (D:2)
  5 rats
38 creatures vanquished.

Vanquished Creatures (others)
  6 toadstools (D:3)
6 creatures vanquished.

Grand Total: 44 creatures vanquished

Notes
Turn   | Place    | Note
-------+----------+-------------------------------------------
     0 | D:1      | grindst0ne the Ghoul Gladiator began the quest for the Orb.
     0 | D:1      | Reached XP level 1. HP: 17/17 MP: 0/0
   133 | D:1      | Reached XP level 2. HP: 25/25 MP: 1/1
   616 | D:1      | Reached XP level 3. HP: 30/31 MP: 2/2
   732 | D:1      | Reached skill level 4 in Unarmed Combat
   903 | D:2      | Found a faded altar of an unknown god.
  1487 | D:3      | Reached XP level 4. HP: 36/36 MP: 3/3
  1602 | D:3      | Found a roughly hewn altar of Beogh.
  1640 | D:3      | Killed from afar by an orc wizard

Vault maps used:
D:1:      dpeg_arrival_refuge
D:2:      chequers_ecumenical_altar_simple_redux, first_bread
D:3:      cheibrodos_fertilizer, demons_altar, gup_sewer_entry_spiral,
          kennysheep_orc_chapel

Skill      XL: |  1  2  3 |
---------------+----------+-----
Fighting       | 3 |  3.9
Unarmed Combat | 4 |  4.7
Throwing       | |  1.7
Dodging        | |  2.6

Action                   |  1- 3 |  4- 6 || total
-------------------------+-------+-------++-------
Melee: Unarmed           |    80 |    48 ||   128
  Eat: Chunk             |     6 |     4 ||    10
Armor: Leather armour    |    14 |     3 ||    17
       Chain mail        |       |    29 ||    29
Dodge: Dodged            |    38 |    15 ||    53
